 Dungeon Crawl Stone Soup version 0.22.0-25-g7663229ff0 (webtiles) character file.

11550 DildoBatman the Tainter (level 12, 0/86 HPs)
             Began as a Formicid Wizard on Aug 20, 2018.
             Was an Elder of Sif Muna.
             Killed by vampiric draining
             ... invoked by a vampire
              (10 damage)
             ... on level 11 of the Dungeon.
             The game lasted 00:51:19 (10205 turns).

DildoBatman the Tainter (Formicid Wizard)          Turns: 10205, Time: 00:51:20

Health: 0/86       AC:  9    Str: 11    XL:     12   Next: 9%
Magic:  0/19       EV: 12    Int: 24    God:    Sif Muna [****..]
Gold:   588        SH:  5    Dex: 13    Spells: 12/21 levels left

rFire    . . .     SeeInvis +   b - +2 flail (crush)
rCold    . . .     Gourm    .   (no shield)
rNeg     . . .     Faith    .   Q - +3 leather armour
rPois    +         Spirit   .   (helmet unavailable)
rElec    .         Reflect  +   f - +0 cloak
rCorr    .         Harm     .   (no gloves)
MR       +....                  q - +0 pair of boots
Stlth    +++.......             N - +5 amulet of reflection
HPRegen  0.24/turn              J - ring of poison resistance
MPRegen  0.16/turn              V - +4 ring of dexterity

@: divine energy
A: permanent stasis, dig shafts and tunnels, four strong arms, antennae 3
a: Dig, Shaft Self, Stop Divine Energy, Channel Magic, Forget Spell, Renounce
Religion


You were on level 11 of the Dungeon.
You worshipped Sif Muna.
Sif Muna was greatly pleased with you.
You were not hungry.

You visited 2 branches of the dungeon, and saw 12 of its levels.

You collected 588 gold pieces.

Inventory:

Hand Weapons
 a - a +2 spear of venom
 b - a +2 flail of crushing (weapon)
Missiles
 d - 18 arrows
Armour
 f - a +0 cloak (worn)
 q - a +0 pair of boots (worn)
 Q - a +3 leather armour (worn)
 S - a +1 leather armour of cold resistance
Jewellery
 y - an uncursed ring of flight
 C - an uncursed ring of protection from fire
 J - a ring of poison resistance (left hand)
 N - a +5 amulet of reflection (around neck)
 V - a +4 ring of dexterity (right hand)
 W - an uncursed ring of fire
 X - an uncursed ring of positive energy
Wands
 r - a wand of iceblast (13)
 K - a wand of acid (5)
 R - a wand of flame (41)
Scrolls
 t - 2 scrolls of random uselessness {unknown}
 w - 2 scrolls of vulnerability {unknown}
 x - 4 scrolls of remove curse
 z - a scroll of identify
 O - 3 scrolls of fog
Potions
 i - 3 potions of might
 l - 2 potions of flight {unknown}
 s - 2 potions of ambrosia {unknown}
 D - 2 potions of curing {unknown}
 E - 2 potions of heal wounds {unknown}
 G - 2 potions of lignification {unknown}
 I - 2 potions of berserk rage {unknown}
 P - 3 potions of agility
Comestibles
 c - 4 chunks of flesh
 v - 14 rations


   Skills:
 * Level 5.6 Fighting
   Level 1.6 Short Blades
 - Level 5.0 Maces & Flails
 * Level 4.4 Polearms
 - Level 5.0 Armour
 - Level 3.0 Dodging
 * Level 6.7 Stealth
 - Level 5.0 Spellcasting
 - Level 5.0 Conjurations
 - Level 8.0 Hexes
 * Level 2.4 Charms
   Level 1.0 Summonings
 * Level 2.6 Necromancy
   Level 0.8 Translocations
 - Level 4.0 Air Magic
 - Level 8.0 Poison Magic
 * Level 6.5 Evocations


You had 12 spell levels left.
You knew the following spells:

 Your Spells              Type           Power        Failure   Level  Hunger
a - Slow                  Hex            #####...     1%          2    None
c - Magic Dart            Conj           ####         1%          1    None
d - Regeneration          Chrm/Necr      ###.......   12%         3    ##.....
e - Mephitic Cloud        Conj/Pois/Air  ####....     3%          3    ##.....

Your spell library contained the following spells:

 Spells                   Type           Power        Failure   Level  Hunger
 Animate Skeleton         Necr           N/A          3%          1    None
 Pain                     Necr           ###.         3%          1    None
 Sandblast                Erth           #.....       11%         1    None
 Call Imp                 Summ           ##......     11%         2    None
 Conjure Flame            Conj/Fire      ###.....     12%         3    ##.....
 Stone Arrow              Conj/Erth      ###...       12%         3    ##.....
 Vampiric Draining        Necr           ###.......   12%         3    ##.....
 Passwall                 Tmut/Erth      #.......     17%         2    None
 Animate Dead             Necr           N/A          36%         4    ####...
 Petrify                  Tmut/Erth      #.......     73%         4    ####...
 Lee's Rapid Deconstruct  Erth           #.........   97%         5    #####..
 Blink                    Tloc           Unusable     N/A         2    N/A

Dungeon Overview and Level Annotations

Branches:
Dungeon (11/15)            Temple (1/1) D:7            Lair (0/6) D:11
    Orc: D:9-12

Altars:
Ashenzari
Cheibriados
Dithmenos
Elyvilon
Fedhas
Gozag
Hepliaklqana
Kikubaaqudgha
Makhleb
Nemelex Xobeh
Okawaru
Qazlal
Ru
Sif Muna
Trog
Uskayaw
Vehumet
Wu Jian
Xom
Yredelemnul
Zin
The Shining One

Portals:
Trove: D:10 (give +3 shadow dragon scales)

Annotations:
D:3 exclusion: merfolk
D:9 Gastronok


Innate Abilities, Weirdness & Mutations

You cannot be hasted, slowed, berserked, paralysed or teleported.
You can dig through walls and to a lower floor.
Your four strong arms can wield two-handed weapons with a shield.
You have a pair of large antennae on your head. (SInv)


Message History

The magic dart hits the vampire.
The vampire is severely damaged.
Casting: Magic Dart (safe; 1% risk of failure)
Confirm with . or Enter, or press ? or * to list all spells.
Aiming: Magic Dart (safe; 1% risk of failure)
Press: ? - help, Shift-Dir - straight line, f/p - vampire
Aim: a vampire (severely damaged, slow, slightly transparent)
The magic dart hits the vampire.
The vampire is severely damaged.
The vampire is infused with unholy energy.
The vampire draws life force from you and is healed!
Aiming: Corrosive Bolt
Press: ? - help, Shift-Dir - straight line, f/p - vampire
Aim: a vampire (heavily damaged, slow, slightly transparent)
The bolt of acid hits the vampire.
The vampire is splashed with acid.
The acid corrodes the vampire!
The vampire is almost destroyed.
The vampire is infused with unholy energy.
You die...

##.... ... #.....
... #..... #.#
#..... #.# ##....
#.# ##..) #.# ##.#
#V# #.#
#@##############.#
#.................
################.#
#.# #.. ###


You could see a vampire (invisible).

Vanquished Creatures
  3 two-headed ogres
  Urug (D:10)
  Sonja (D:11)
  An unseen horror (D:10)
  2 ugly things
  Psyche (D:8)
  Prince Ribbit (D:8)
  3 trolls
  A hippogriff (D:8)
  A shadow (D:8)
  A human (D:10)
  4 yaks (D:11)
  4 hungry ghosts
  A water moccasin (D:7)
  6 sky beasts
  An orc warrior (D:10)
  A black bear (D:10)
  2 ice beasts (D:5)
  5 ogres
  A necrophage (D:7)
  2 phantoms
  A wolf (D:11)
  5 centaurs
  3 big kobolds
  4 bullfrogs
  A gnoll sergeant (D:9)
  A water moccasin zombie (D:6)
  3 scorpions
  6 killer bees (D:10)
  3 wights (D:10)
  2 electric eels (D:11)
  6 howler monkeys
  4 jellies
  A crimson imp (D:10)
  4 bullfrog zombies
  11 hounds
  2 orc priests (D:4)
  An orc wizard (D:9)
  4 centaur skeletons
  3 iguanas
  Jessica (D:3)
  9 worker ants
  A killer bee zombie (D:7)
  A hound skeleton (D:8)
  14 gnolls
  15 adders
  3 shadow imps
  11 oozes
  3 adder zombies (D:5)
  A worm (D:3)
  A dart slug (D:3)
  5 leopard geckos
  20 orcs
  A ball python (D:2)
  2 bats (D:2)
  17 giant cockroaches
  3 goblins
  3 hobgoblins
  7 jackals
  2 quokkas
  5 frilled lizards
  A jackal zombie (D:6)
  32 kobolds
  A leopard gecko skeleton (D:5)
  3 quokka skeletons
  A quokka zombie (D:6)
  6 rats
277 creatures vanquished.

Vanquished Creatures (others)
  A kobold (D:7)
  6 fungi (D:4)
  7 toadstools (D:4)
14 creatures vanquished.

Grand Total: 291 creatures vanquished

Notes
Turn   | Place    | Note
-------+----------+-------------------------------------------
     0 | D:1      | DildoBatman the Formicid Wizard began the quest for the Orb.
     0 | D:1      | Reached XP level 1. HP: 13/13 MP: 4/4
    75 | D:1      | Reached skill level 1 in Conjurations
   179 | D:1      | Reached XP level 2. HP: 19/19 MP: 6/6
   489 | D:2      | Reached XP level 3. HP: 14/24 MP: 6/7
   837 | D:2      | Learned a level 2 spell: Slow
   841 | D:2      | Learned a level 3 spell: Mephitic Cloud
   950 | D:2      | Reached XP level 4. HP: 29/30 MP: 3/8
  1136 | D:2      | Found an opulent altar of Gozag.
  1637 | D:3      | Noticed an ogre
  1846 | D:3      | Reached XP level 5. HP: 21/35 MP: 9/9
  1993 | D:3      | Found a shattered altar of Ashenzari.
  1997 | D:3      | Saw a vision of the Shoals and the Spider Nest.
  1997 | D:3      | Noticed a merfolk
  1997 | D:3      | Noticed a merfolk
  1997 | D:3      | Noticed a merfolk
  1997 | D:3      | Noticed a hippogriff
  1997 | D:3      | Noticed a hornet
  1997 | D:3      | Noticed a wolf spider
  2000 | D:3      | Noticed a redback
  2060 | D:3      | Noticed Jessica
  2066 | D:3      | Killed Jessica
  2072 | D:3      | Found a deep blue altar of Sif Muna.
  2080 | D:3      | Became a worshipper of Sif Muna the Loreminder
  2540 | D:3      | Killed an ogre
  2540 | D:3      | Reached skill level 1 in Hexes
  2540 | D:3      | Reached skill level 1 in Poison Magic
  2540 | D:3      | Reached XP level 6. HP: 42/42 MP: 9/11
  2702 | D:4      | Reached skill level 1 in Fighting
  2702 | D:4      | Reached skill level 1 in Armour
  2740 | D:4      | Reached skill level 1 in Polearms
  2805 | D:4      | Reached skill level 1 in Air Magic
  2805 | D:4      | Reached XP level 7. HP: 26/48 MP: 9/12
  2958 | D:4      | Found a sparkling altar of Nemelex Xobeh.
  2985 | D:4      | Found a stormy altar of Qazlal.
  2993 | D:4      | Found a radiant altar of Vehumet.
  3306 | D:4      | Reached skill level 1 in Short Blades
  3589 | D:5      | Entered Level 5 of the Dungeon
  3634 | D:5      | Reached * piety under Sif Muna
  3709 | D:5      | Reached XP level 8. HP: 47/56 MP: 2/13
  3934 | D:5      | Found a hazy altar of Hepliaklqana.
  4253 | D:5      | Reached skill level 1 in Maces & Flails
  4758 | D:6      | Reached skill level 5 in Conjurations
  4771 | D:6      | Reached skill level 1 in Evocations
  4916 | D:6      | Reached XP level 9. HP: 47/61 MP: 15/15
  4920 | D:6      | Reached ** piety under Sif Muna
  4947 | D:6      | Found a snail-covered altar of Cheibriados.
  5547 | D:7      | Reached skill level 5 in Poison Magic
  5585 | D:7      | Found a hide-covered altar of Uskayaw.
  5640 | D:7      | Found Zyokut's Antique Armour Emporium.
  5688 | D:7      | Reached skill level 5 in Hexes
  6098 | D:7      | Found a staircase to the Ecumenical Temple.
  6131 | Temple   | Entered the Ecumenical Temple
  6405 | D:8      | Noticed Prince Ribbit
  6422 | D:8      | Killed Prince Ribbit
  6458 | D:8      | Noticed a hippogriff
  6501 | D:8      | Killed a hippogriff
  6501 | D:8      | Reached XP level 10. HP: 39/67 MP: 2/16
  6519 | D:8      | Noticed a red ugly thing
  6935 | D:8      | Reached *** piety under Sif Muna
  7090 | D:8      | Found a sacrificial altar of Ru.
  7092 | D:8      | Noticed Psyche
  7250 | D:8      | Killed Psyche
  7364 | D:8      | Killed a purple ugly thing
  7725 | D:9      | Found a burning altar of Makhleb.
  7899 | D:9      | Noticed a two-headed ogre
  7909 | D:9      | Killed a two-headed ogre
  7909 | D:9      | Reached skill level 5 in Evocations
  8099 | D:10     | Entered Level 10 of the Dungeon
  8114 | D:10     | Reached XP level 11. HP: 50/76 MP: 9/18
  8144 | D:10     | Noticed Urug
  8226 | D:10     | Reached skill level 5 in Spellcasting
  8248 | D:10     | Found a portal to a secret trove of treasure.
  8381 | D:10     | Noticed a two-headed ogre
  8399 | D:10     | Reached skill level 5 in Stealth
  8405 | D:10     | Noticed an unseen horror
  8427 | D:10     | Killed an unseen horror
  8877 | D:10     | Learned a level 3 spell: Regeneration
  8968 | D:10     | Killed a two-headed ogre
  9270 | D:10     | Killed Urug
  9270 | D:10     | Reached skill level 1 in Charms
  9270 | D:10     | Reached skill level 1 in Necromancy
  9416 | D:10     | Reached **** piety under Sif Muna
  9446 | D:11     | Noticed a two-headed ogre
  9464 | D:11     | Killed a two-headed ogre
  9464 | D:11     | Reached skill level 5 in Fighting
  9464 | D:11     | Reached skill level 5 in Armour
  9556 | D:11     | Noticed Sonja
  9573 | D:11     | Killed Sonja
  9587 | D:11     | Noticed Gastronok
  9796 | D:11     | Found a staircase to the Lair.
  9904 | D:11     | Noticed a white ugly thing
  9932 | D:11     | Killed a white ugly thing
  9932 | D:11     | Reached XP level 12. HP: 34/86 MP: 1/19
  9976 | D:11     | Reached skill level 5 in Maces & Flails
 10205 | D:11     | Killed from afar by a vampire

Skill      XL: |  1  2  3  4  5  6  7  8  9 10 11 12 |
---------------+-------------------------------------+-----
Conjurations   | 1 2 3 4 5 |  5.0
Dodging        | 2 3 |  3.0
Hexes          | 1 2 4 6 7 8 |  8.0
Poison Magic   | 1 2 4 7 8 |  8.0
Fighting       | 1 2 3 5 |  5.6
Armour         | 1 2 3 5 |  5.0
Polearms       | 1 2 4 |  4.4
Stealth        | 3 4 6 |  6.7
Air Magic      | 1 2 4 |  4.0
Short Blades   | 1 |  1.6
Spellcasting   | 4 5 |  5.0
Maces & Flails | 2 3 4 5 |  5.0
Evocations     | 1 4 5 6 |  6.5
Charms         | 2 |  2.4
Necromancy     | 2 |  2.6
Summonings     | |  1.0
Translocations | |  0.8

Action                   |  1- 3 |  4- 6 |  7- 9 | 10-12 || total
-------------------------+-------+-------+-------+-------++-------
Melee: Spear             |    27 |    75 |    51 |   267 ||   420
       Short sword       |       |     5 |       |       ||     5
       Flail             |       |       |   178 |   128 ||   306
 Cast: Magic Dart        |    60 |    67 |   281 |   211 ||   619
       Mephitic Cloud    |     1 |     6 |    21 |    68 ||    96
       Slow              |       |     3 |    10 |    31 ||    44
       Regeneration      |       |       |       |     1 ||     1
Invok: Divine Energy     |       |       |     1 |       ||     1
 Abil: Dig               |     1 |       |     6 |     4 ||    11
       Evoke Flight      |       |       |     1 |       ||     1
Evoke: Wand              |       |       |       |     5 ||     5
  Use: Scroll            |       |       |     4 |     3 ||     7
 Stab: Sleeping          |     1 |     2 |     1 |     1 ||     5
       Confused          |       |     1 |    14 |    39 ||    54
  Eat: Chunk             |       |     7 |    11 |    14 ||    32
       Ration            |       |       |     1 |     1 ||     2
Armor: Robe              |     9 |    21 |    10 |       ||    40
       Ring mail         |       |       |    61 |       ||    61
       Leather armour    |       |       |    12 |    55 ||    67
Dodge: Dodged            |    24 |    44 |   124 |   109 ||   301
Block: Other             |       |       |    43 |    43 ||    86
       Reflection        |       |       |     2 |     2 ||     4
